 Dungeon Crawl Stone Soup version 0.16.1-18-g436b03c (webtiles) character file.

11700 Hamsamwich the Nimble (level 11, -2/105 HPs)
             Began as a Troll Monk on May 4, 2015.
             Was the Champion of Cheibriados.
             Slain by a ten-headed hydra (7 damage)
             ... on level 2 of the Lair of Beasts.
             The game lasted 00:44:22 (8829 turns).

Hamsamwich the Nimble (Troll Monk)                  Turns: 8829, Time: 00:44:22

Health: -2/105     AC:  8    Str: 38    XL:     11   Next: 52%
Magic:  4/4        EV: 24    Int: 21    God:    Cheibriados [******]
Gold:   603        SH:  0    Dex: 30    Spells: 1 memorised, 7 levels left

rFire  . . .     SeeInvis .       - Unarmed
rCold  . . .     Clarity  .     a - +1 robe
rNeg   . . .     SustAb   .     (shield restricted)
rPois  +         Gourm    +     (helmet restricted)
rElec  .         Spirit   .     d - +1 cloak {rPois}
rCorr  .         Warding  .     (gloves unavailable)
rMut   .         Stasis   .     (boots unavailable)
MR     +....                    l - amulet of the gourmand
Stlth  +++.......               A - +2 ring of strength
                                y - ring of protection from magic

@: very slow, somewhat resistant to hostile enchantments, fairly stealthy
A: unfitting armour, claws 3, fast metabolism 3, gourmand, regeneration 2,
shaggy fur 1, tough skin 2
a: Bend Time, Temporal Distortion, Slouch, Step From Time, Renounce Religion


You were on level 2 of the Lair of Beasts.
You worshipped Cheibriados.
Cheibriados was exalted by your worship.
You were very full.

You visited 3 branches of the dungeon, and saw 11 of its levels.

You collected 603 gold pieces.

Inventory:

Armour
 a - a +1 robe (worn)
 d - a +1 cloak of poison resistance (worn)
Jewellery
 l - an amulet of the gourmand (around neck)
 m - an uncursed ring of positive energy
 y - a ring of protection from magic (left claw)
 A - a +2 ring of strength (right claw)
Magical devices
 j - a wand of teleportation (5)
 t - a wand of frost (24)
 C - a wand of fireball (0)
Scrolls
 e - 4 scrolls of remove curse
 k - a scroll of enchant weapon
 s - 3 scrolls of blinking
 u - a scroll of fear
 v - a scroll of immolation {unknown}
 z - 4 scrolls of teleportation
 D - a scroll of magic mapping
 E - 4 scrolls of identify
Potions
 h - a potion of restore abilities
 n - a potion of berserk rage
 o - a potion of agility
 p - 3 potions of brilliance
 q - 2 potions of poison
 r - a potion of flight
Books
 x - a book of Envenomations

   Spells                             Type                      Level
   a - Spider Form                    Transmutation/Poison         3
   b - Alistair's Intoxication        Transmutation/Poison         4
   c - Olgreb's Toxic Radiance        Poison                       4
   d - Poisonous Cloud                Conjuration/Poison/Air       6
Comestibles
 b - 6 meat rations
 c - 5 fruits
 g - a beef jerky
 i - 7 bread rations


   Skills:
 + Level 6.0 Fighting
 * Level 12.6 Dodging
 + Level 1.9 Stealth
 + Level 9.1 Unarmed Combat
 + Level 0.1 Poison Magic


You had 7 spell levels left.
You knew the following spells:

 Your Spells              Type           Power        Failure   Level  Hunger
a - Spider Form           Trmt/Pois      #.........   56%         3    ####...


Dungeon Overview and Level Annotations

Branches:
Dungeon (8/15)             Temple (1/1) D:4            Lair (2/8) D:8

Altars:
Cheibriados
Dithmenos
Elyvilon
Fedhas
Gozag
Kikubaaqudgha
Makhleb
Nemelex Xobeh
Okawaru
Qazlal
Ru
Sif Muna
Trog
Vehumet
Xom
Yredelemnul
Zin
The Shining One

Shops:
D:4 =


Innate Abilities, Weirdness & Mutations

You are too large for most types of armour.
You have claws for hands.
Your metabolism is lightning-fast.
You like to eat raw meat.
You heal very quickly.
You are covered in fur (AC +1).
You have very tough skin (AC +2).


Message History

The ten-headed hydra is heavily wounded.
Zapping:
C - a wand of fireball (will waste charges)
Press: ? - help, Shift-Dir - straight line, p - ten-headed hydra That beam is likely to hit you.
Continue anyway?
The fireball explodes!
The fireball engulfs the ten-headed hydra.
The ten-headed hydra is heavily wounded.
The fireball engulfs you!
* * * LOW HITPOINT WARNING * * *
Evoking this partially-identified wand wasted a few charges.
The ten-headed hydra bites you.
* * * LOW HITPOINT WARNING * * *
The ten-headed hydra closely misses you.
The ten-headed hydra completely misses you.
The ten-headed hydra bites you but does no damage.
The ten-headed hydra misses you. The ten-headed hydra bites you.
* * * LOW HITPOINT WARNING * * *
The ten-headed hydra closely misses you.
The ten-headed hydra bites you!
You die...

.... .......P ##........ ........
. #......#... #....#...#
#........# #....#...# ##########
#..@D....# #
.........#####....#...... ..####
(........##..P....# .#..#...#.P.
..................# ..#.......
....P#..###+..P.............#.#..
..............#..................
.....##..#.......................
..#..#####............PP##P.#....
.....# .....#.............#...#


You could see a ten-headed hydra (bleeding).

Vanquished Creatures
  The ghost of cscommando the Cleaver, an experienced MiGl of the Shining One (Lair:1)
  The ghost of SolCadguy the Transmogrifier, an experienced DrTm of Makhleb (Lair:1)
  Pikel (D:7)
  A black mamba (Lair:1)
  A fire drake (Lair:2)
  Prince Ribbit (D:8)
  2 blink frogs (Lair:1)
  2 basilisks (Lair:1)
  19 yaks (Lair:1)
  6 wolves (Lair:2)
  3 hippogriffs
  Edmund (D:4)
  5 porcupines
  2 water moccasins (Lair:1)
  4 slaves (D:4)
  An orc warrior (D:8)
  2 phantoms
  A sky beast (D:5)
  A black bear (D:8)
  4 ogres
  Sigmund (D:3)
  Duvessa (D:8)
  5 crocodiles
  9 giant frogs
  5 centaurs
  2 scorpions (D:7)
  4 wights (D:8)
  2 electric eels (D:7)
  Dowan (D:8)
  2 crimson imps
  A goliath beetle (D:6)
  3 orc priests
  2 hounds
  Crazy Yiuf (D:3)
  4 iguanas
  4 orc wizards
  6 worker ants
  A killer bee zombie (D:7)
  Jessica (D:2)
  A hound zombie (D:6)
  Robin (D:4)
  18 river rats (Lair:1)
  16 adders
  3 gnolls (D:5)
  3 shadow imps
  A worm (D:2)
  3 giant geckos
  An ooze (D:4)
  22 orcs
  2 ball pythons
  8 bats
  2 bat skeletons
  5 giant cockroaches
  16 goblins
  15 hobgoblins
  15 jackals
  16 kobolds
  A giant gecko skeleton (D:6)
  4 giant newts
  A goblin zombie (D:5)
  5 hobgoblin zombies (D:5)
  2 jackal zombies (D:5)
  A kobold skeleton (D:5)
  A kobold zombie (D:5)
  3 orc skeletons (D:5)
  4 quokkas
  11 rats
  A plant (D:1)
296 creatures vanquished.

Vanquished Creatures (others)
  A fungus (Lair:1)
1 creature vanquished.

Grand Total: 297 creatures vanquished

Notes
Turn   | Place    | Note
--------------------------------------------------------------
     0 | D:1      | Hamsamwich, the Troll Monk, began the quest for the Orb.
     0 | D:1      | Reached XP level 1. HP: 22/22 MP: 1/1
   252 | D:1      | Reached XP level 2. HP: 27/29 MP: 1/1
   909 | D:2      | Reached XP level 3. HP: 36/36 MP: 2/2
   964 | D:2      | Noticed Jessica
   967 | D:2      | Killed Jessica
  1311 | D:2      | Reached XP level 4. HP: 42/44 MP: 2/2
  1477 | D:3      | Noticed an ogre
  1484 | D:3      | Killed an ogre
  1484 | D:3      | Reached XP level 5. HP: 17/52 MP: 2/2
  1636 | D:3      | Noticed Sigmund
  1654 | D:3      | Killed Sigmund
  1654 | D:3      | Reached skill level 5 in Unarmed Combat
  1788 | D:3      | Noticed Crazy Yiuf
  1800 | D:3      | Killed Crazy Yiuf
  1800 | D:3      | Reached XP level 6. HP: 29/61 MP: 3/3
  2071 | D:3      | Reached skill level 5 in Dodging
  2268 | D:4      | Noticed Robin
  2310 | D:4      | Killed Robin
  2375 | D:4      | Noticed Edmund
  2393 | D:4      | Killed Edmund
  2393 | D:4      | Reached XP level 7. HP: 49/67 MP: 3/3
  2629 | D:4      | Found Mnappil's Jewellery Emporium.
  3067 | D:4      | Found a staircase to the Ecumenical Temple.
  3078 | Temple   | Entered the Ecumenical Temple
  3202 | Temple   | Became a worshipper of Cheibriados the Contemplative
  3202 | Temple   | Acquired Cheibriados' first power
  3355 | D:5      | Entered Level 5 of the Dungeon
  3406 | D:5      | Found a glowing golden altar of the Shining One.
  3432 | D:5      | Reached skill level 6 in Dodging
  3880 | D:5      | Acquired Cheibriados' second power
  3888 | D:5      | Reached XP level 8. HP: 68/78 MP: 3/3
  3941 | D:5      | Learned a level 3 spell: Spider Form
  4062 | D:6      | Reached skill level 7 in Dodging
  4843 | D:6      | Acquired Cheibriados' third power
  4888 | D:6      | Reached skill level 8 in Dodging
  5038 | D:7      | Noticed Pikel
  5054 | D:7      | Killed Pikel
  5054 | D:7      | Reached XP level 9. HP: 66/85 MP: 4/4
  5131 | D:7      | HP: 4/85 [electric eel/bolt of electricity (16)]
  5268 | D:7      | HP: 4/85 [electric eel/bolt of electricity (8)]
  5271 | D:7      | Reached skill level 9 in Dodging
  6110 | D:8      | Noticed Dowan
  6111 | D:8      | Noticed Duvessa
  6120 | D:8      | Killed Duvessa
  6120 | D:8      | Acquired Cheibriados' fourth power
  6127 | D:8      | Killed Dowan
  6221 | D:8      | Reached skill level 10 in Dodging
  6372 | D:8      | Noticed Prince Ribbit
  6380 | D:8      | Killed Prince Ribbit
  6380 | D:8      | Reached skill level 5 in Fighting
  6380 | D:8      | Reached XP level 10. HP: 93/96 MP: 4/4
  6382 | D:8      | Found a staircase to the Lair.
  6400 | Lair:1   | Entered Level 1 of the Lair of Beasts
  6408 | Lair:1   | Noticed SolCadguy's ghost (experienced DrTm)
  6471 | Lair:1   | Killed SolCadguy's ghost
  6676 | Lair:1   | Noticed cscommando's ghost (experienced MiGl)
  6687 | Lair:1   | Killed cscommando's ghost
  6687 | Lair:1   | Reached skill level 11 in Dodging
  6756 | Lair:1   | Noticed a black mamba
  6765 | Lair:1   | Killed a black mamba
  7443 | Lair:1   | Reached XP level 11. HP: 82/105 MP: 4/4
  7842 | Lair:1   | Reached skill level 12 in Dodging
  8436 | Lair:2   | HP: 7/157 [wolf (2)]
  8822 | Lair:2   | Noticed a seven-headed hydra
  8829 | Lair:2   | HP: 5/105 [ten-headed hydra (4)]
  8829 | Lair:2   | Slain by a ten-headed hydra

Action                   |  1- 3 |  4- 6 |  7- 9 | 10-12 || total
-------------------------+-------+-------+-------+-------++-------
Melee: Unarmed           |   140 |   157 |   378 |   277 ||   952
 Cast: Spider Form       |       |       |     1 |       ||     1
Evoke: Wand              |       |       |       |     1 ||     1
  Use: Scroll            |       |     7 |    11 |     4 ||    22
       Potion            |       |     3 |     4 |     6 ||    13
 Stab: Sleeping          |     1 |       |     1 |     1 ||     3
       Distracted        |       |       |     2 |     1 ||     3
  Eat: Chunk             |    17 |    11 |    20 |    16 ||    64
       Fruit             |       |       |     7 |       ||     7
